 Dungeon Crawl Stone Soup version 0.28-a0-726-g4a9143789a (webtiles) character file.

Game seed: 10182087889649570695

53 cheechan the Skirmisher (level 3, 0/51 HPs)
             Began as a Naga Fighter on Oct 27, 2021.
             Slain by Purgy (1 damage)
             ... in a sewer.
             The game lasted 00:07:25 (1862 turns).

cheechan the Skirmisher (Naga Fighter)              Turns: 1862, Time: 00:07:25

Health: 0/51       AC:  4    Str: 19    XL:     3   Next: 89%
Magic:  3/3        EV:  7    Int:  8    God:
Gold:   123        SH:  4    Dex: 10    Spells: 2/2 levels left

rFire   . . .      SeeInvis +   a - +0 war axe
rCold   . . .      Faith    +   c - +0 buckler
rNeg    . . .      Spirit   .   b - +0 scale mail
rPois   +          Reflect  .   (no helmet)
rElec   .          Harm     .   (no cloak)
rCorr   .          Rampage  .   (no gloves)
Will    .....                   (no barding)
Stlth   ..........              h - amulet of faith
HPRegen 0.17/turn               (no ring)
MPRegen 0.08/turn               (no ring)

@: mighty, berserking, quick
A: AC +1, large, see invisible, deformed body, poison resistance, slowness 2,
spit poison 1, naga tail 1
a: Spit Poison


You were in a sewer.
You visited 1 branch of the dungeon, and saw 3 of its levels.
You also visited: Sewer.

You collected 123 gold pieces.

Inventory:

Hand Weapons
 a - a +0 war axe (weapon)
 i - a +2 dagger of draining
 q - a +0 hand crossbow
Missiles
 g - 15 bolts
 j - 24 sling bullets
 k - 46 stones
 p - 39 arrows
Armour
 b - a +0 scale mail (worn)
 c - a +0 buckler (worn)
Jewellery
 h - an amulet of faith (around neck)
Scrolls
 f - a scroll of fear
 m - a scroll of summoning
 n - a scroll of blinking
 o - a scroll of magic mapping
Potions
 d - a potion of might
 e - a potion of mutation
 l - a potion of lignification {unknown}
 r - a potion of berserk rage


   Skills:
 + Level 3.2 Fighting
 + Level 2.8 Axes
 + Level 3.0 Armour
 + Level 0.3 Dodging
 + Level 2.6 Shields


You had 2 spell levels left.
You didn't know any spells.
Your spell library was empty.

Dungeon Overview and Level Annotations

Branches:
Dungeon (3/15)              Sewer (1/1)

Altars:

Annotations:
Sewer Purgy


Innate Abilities, Weirdness & Mutations

Your serpentine skin is tough. (AC +1)
You have supernaturally acute eyesight. (SInv)
Armour fits poorly on your strangely shaped body.
Your system is resistant to poisons. (rPois)
You cover ground very slowly.
You can spit poison.
You have a snake-like lower body.


Message History

Purgy shouts!
Found a runed bronze wand and 30 gold pieces.
Purgy bites you. Purgy barely misses you. Purgy claws you but does no damage.
You hit Purgy.
Purgy is lightly wounded.
Purgy bites you. Purgy closely misses you. Purgy claws you.
You closely miss Purgy.
Purgy is lightly wounded.
Purgy bites you. Purgy claws you. Purgy claws you but does no damage.
You hit Purgy.
Purgy is lightly wounded.
Purgy bites you! You block Purgy's attack. Purgy barely misses you.
Purgy bites you. Purgy claws you. Purgy claws you but does no damage.
Abil: Spit Poison
Press: ? - help, Q - select action, (/) - cycle Shift-Dir - straight line, f - Purgy
Aim: Purgy (lightly wounded)
The splash of poison hits Purgy.
Purgy is moderately wounded.
Purgy barely misses you. Purgy claws you. You block Purgy's attack.
You feel very mighty all of a sudden. Purgy barely misses you.
Purgy claws you. x2
You barely miss Purgy.
Purgy is lightly wounded.
Purgy bites you. Purgy claws you but does no damage. x2
You barely miss Purgy.
Purgy is lightly wounded.
You have got your breath back.
Purgy bites you.
* * * LOW HITPOINT WARNING * * *
Purgy completely misses you. Purgy barely misses you.
A red film seems to cover your vision as you go berserk!
You feel yourself moving faster!
You feel mighty! Purgy bites you.
* * * LOW HITPOINT WARNING * * *
Purgy claws you.
* * * LOW HITPOINT WARNING * * *
Purgy barely misses you.
Your scale mail prevents you from hitting Purgy.
Purgy is lightly wounded.
Purgy bites you but does no damage. Purgy claws you.
You die...

#..$/$..#
#.......#
#.......# .......
..... ... #T#
####### #@#
##.....## #.#
##...≈...#
#.#######...≈≈≈.†.
#..........≈≈≈≈≈.∩
#.#######...≈≈≈...
#.# ##...≈†..# #.#
##.....## #.#
####### #.#


You could see Purgy.

Vanquished Creatures
  2 worms
  An orc (D:3)
  A ball python (D:3)
  11 bats
  5 endoplasms
  2 giant cockroaches
  5 goblins
  4 hobgoblins
  2 quokkas
  4 frilled lizards
  2 kobolds (D:2)
  4 rats
43 creatures vanquished.

Notes
Turn   | Place    | Note
-------+----------+-------------------------------------------
     0 | D:1      | cheechan the Naga Fighter began the quest for the Orb.
     0 | D:1      | Reached XP level 1. HP: 21/21 MP: 1/1
   206 | D:1      | Reached XP level 2. HP: 23/27 MP: 2/2
  1017 | D:2      | Reached XP level 3. HP: 28/34 MP: 3/3
  1281 | D:2      | Found a faded altar of an unknown god.
  1771 | D:3      | Found a glowing drain.
  1786 | Sewer    | Entered a sewer
  1851 | Sewer    | Noticed Purgy
  1861 | Sewer    | HP: 1/51 [Purgy (4)]
  1862 | Sewer    | Slain by Purgy

Illustrated notes

Levels and vault maps discovered:
D:1:      mrwooster_arrival_statue_3, layout_loops_corners
D:2:      layout_loops_cross, chequers_ecumenical_altar_grove,
          minmay_misc_feat_chi
D:3:      layout_loops_ring, cheibrodos_sewer_entry_drain, minmay_misc_feat_iff
Sewer:    sewer_big_baddie

Skill      XL: |  1  2  3 |
---------------+----------+-----
Armour         | 3 |  3.0
Fighting       | |  3.2
Axes           | |  2.8
Dodging        | |  0.3
Shields        | |  2.6

Action                   || total
-------------------------++-------
Melee: War axe           ||   129
 Abil: Spit Poison       ||     8
  Use: Scroll            ||     7
       Potion            ||     2
Armor: Scale mail        ||    93
Dodge: Dodged            ||    76
Block: Buckler           ||    32

Table legend: (Time is in decaauts)
 A = Elapsed time spent in this place.
 B = Non-inter-level travel time spent in this place.
 C = Inter-level travel time spent in this place.
 D = Time resting spent in this place.
 E = Time spent auto-exploring this place.
 F = Levels seen in this place.
 G = Mean time per level.
                   A        B        C        D        E       F      G
               +--------+--------+--------+--------+--------+-----+--------+
         Total |   2572 |   2572 |      0 |      0 |      0 |   4 |  643.0 |
       Dungeon |   2470 |   2470 |      0 |      0 |      0 |   3 |  823.3 |
         Sewer |    101 |    101 |      0 |      0 |      0 |   1 |  101.0 |
               +--------+--------+--------+--------+--------+-----+--------+

Top non-repeatable levels by time:
     D:1: 1281 daAuts
     D:2: 894 daAuts
     D:3: 294 daAuts
   Sewer: 101 daAuts
